[Event "*** Titled Tuesday Blitz"]
[Site "Chess.com"]
[Date "2020.05.19"]
[Round "2"]
[White "tteshan"]
[Black "mbojan"]
[Result "0-1"]
[WhiteElo "2226"]
[BlackElo "2604"]
[TimeControl "180+1"]
[EndTime "12:18:43 PDT"]
[Termination "mbojan won on time"]

1. e4 c5 2. c3 Nf6 3. e5 Nd5 4. Nf3 Nc6 5. Bc4 Nb6 6. Bb3 c4 7. Bc2 d6 8. exd6 e5 9. O-O Bxd6 10. Re1 O-O 11. h3 h6 12. d4 cxd3 13. Qxd3 f5 14.
Bb3+ Kh8 15. Qc2 e4 16. Nd4 Nxd4 17. cxd4 Bd7 18. Nc3 Rc8 19. Bd2 Nc4 20. Rad1 Nxd2 21. Qxd2 Bb8 22. d5 Bd6 23. Ne2 Qf6 24. Rc1 Rxc1 25. Rxc1 f4 26. Qd4 Qg6 27. Kf1 f3 28. gxf3 Bxh3+ 29. Ke1 exf3 30. Bc2 Qe8 31. Bd3 fxe2 32.
Rc2 Qe5 33. Qh4 Bf5 34. Rxe2 Qf6 0-1

[Event "*** Titled Tuesday Blitz"]
[Site "Chess.com"]
[Date "2020.05.19"]
[Round "2"]
[White "Benjoneliere44"]
[Black "Funo09"]
[Result "0-1"]
[WhiteElo "2481"]
[BlackElo "2717"]
[TimeControl "180+1"]
[EndTime "12:18:44 PDT"]
[Termination "Funo09 won by resignation"]

1. d4 Nf6 2. Bf4 g6 3. Nc3 d5 4.
e3 Bg7 5. Nb5 Na6 6. c4 O-O 7.
Nf3 c6 8. Nc3 Be6 9. cxd5 Nxd5 10. Nxd5 Bxd5 11. Be2 c5 12. O-O cxd4 13. exd4 Qb6 14.
b3 Nb4 15. Be5 Rac8 16. Bxg7 Kxg7 17. Qd2 Rc2 18. Qe3 Qe6 19. Ne5 Nxa2 20. Bd1 Rb2 21. Nd3 Qxe3 22. fxe3 Rd2 23. Nf4 Be4 24. Rf2 Rxf2 25.
Kxf2 Nc3 26. Bf3 Bxf3 27. gxf3 Nb5 28. Rc1 e6 29. Ke2 Kf6 30. Nd3 Ke7 31. Nc5 Rc8 32. Rc4 b6 33. Ne4 Rxc4 34. bxc4 Nd6 35. Nd2 f5 36.
Kd3 g5 37. e4 fxe4+ 38. fxe4 e5 39. dxe5 Nf7 40. Kd4 Ke6 41. Nf3 g4 42. Nh4 Nxe5 43.
Nf5 Nf3+ 44. Ke3 a5 45. h3 h5 46. hxg4 hxg4 47. Nh6 Ne5 48. Kd4 g3 0-1

[Event "*** Titled Tuesday Blitz"]
[Site "Chess.com"]
[Date "2020.05.19"]
[Round "2"]
[White "JoachimMouhamad"]
[Black "GMStefanova"]
[Result "0-1"]
[WhiteElo "2312"]
[BlackElo "2612"]
[TimeControl "180+1"]
[EndTime "12:18:44 PDT"]
[Termination "GMStefanova won by resignation"]

1. e4 e5 2. Nf3 Nc6 3. Bb5 a6 4. Ba4 g6 5. O-O Bg7 6. c3 Nge7 7. d4 b5 8. Bc2 exd4 9. cxd4 O-O 10. h3 d5 11. e5 Nb4 12. Bb3 Bf5 13. Be3 a5 14. a3 Nd3 15. Qd2 a4 16. Bd1 c5 17. dxc5 Nc6 18. Nc3 d4 19. Nxd4 Nxd4 20. g4 Nxe5 21. Bxd4 Nc4 22. Qf4 Qxd4 23. Qxd4 Bxd4 24. gxf5 Bxc3 25.
bxc3 Rac8 26. fxg6 hxg6 27. Be2 Rxc5 28. Bxc4 Rxc4 29.
Rab1 Rxc3 30. Rxb5 Rxa3 31. Kg2 Ra8 32. Rfb1 Kg7 33.
Rb7 Rc3 34. Rb8 Ra5 35. R1b5 Rxb5 36. Rxb5 a3 37. Ra5 Kf6 38. f3 Ke6 39. Kg3 Kd6 40. Kg4 Kc6 41. Ra7 Kb5 42. Rxf7 Rc4+ 43. Kg5 a2 44.
Rb7+ Ka6 45. Rb8 Rc7 46. Ra8+ Ra7 0-1

[Event "*** Titled Tuesday Blitz"]
[Site "Chess.com"]
[Date "2020.05.19"]
[Round "2"]
[White "allvim"]
[Black "santosalberto1987"]
[Result "0-1"]
[WhiteElo "2271"]
[BlackElo "2466"]
[TimeControl "180+1"]
[EndTime "12:18:44 PDT"]
[Termination "santosalberto1987 won by resignation"]

1. Nf3 d5 2. d4 Nf6 3. c4 c6 4. Nc3 dxc4 5. a4 Bf5 6. e3 e6 7.
Bxc4 Bb4 8. O-O Nbd7 9. Qe2 Bg6 10. Bd3 O-O 11. e4 Qa5 12. Bd2 e5 13. Rac1 Rad8 14.
Rfd1 exd4 15. Nxd4 Ne5 16. Nb3 Qc7 17. Bb1 Qe7 18.
f3 Rd7 19. Bg5 Rfd8 20. Rxd7 Rxd7 21. Rd1 Rxd1+ 22. Qxd1 h6 23. Be3 b6 24. Ne2 Qd7 25. Qxd7 Nexd7 26. Kf2 Ne5 27. Nf4 Bh7 28. Nd4 Bc5 29.
Ke2 Nfd7 30. b3 g5 31. Nd3 Nxd3 32. Bxd3 Ne5 33. Bc2 Kf8 34. g3 f6 35. f4 Ng4 36.
Bg1 h5 37. h3 Nh6 38. Be3 Bxd4 39. Bxd4 Ke7 40. Bxf6+ Kxf6 41. e5+ Kg7 42. Bxh7 Kxh7 43. Ke3 gxf4+ 44. gxf4 Kg6 45. Ke4 Nf5 46. b4 a5 47.
bxa5 bxa5 48. h4 Nxh4 49. Kd4 Nf5+ 50. Kc5 h4 51. Kxc6 h3 0-1

[Event "*** Titled Tuesday Blitz"]
[Site "Chess.com"]
[Date "2020.05.19"]
[Round "2"]
[White "aaronmaster123"]
[Black "Alopekos"]
[Result "0-1"]
[WhiteElo "2258"]
[BlackElo "2461"]
[TimeControl "180+1"]
[EndTime "12:18:44 PDT"]
[Termination "Alopekos won by resignation"]

1. Nf3 Nf6 2. g3 d5 3. Bg2 e6 4. O-O Be7 5. d3 c5 6. Nbd2 Nc6 7. e4 b5 8. Re1 O-O 9. h4 c4 10. exd5 exd5 11. dxc4 bxc4 12. Nf1 Ne4 13. Ne3 Be6 14. Nxc4 Nxf2 15. Kxf2 dxc4 16. Qxd8 Rfxd8 17. Bf4 Bc5+ 18. Be3 Bxe3+ 19. Rxe3 Rab8 20. b3 Nb4 21. Rc3 Rbc8 22. a3 cxb3 23. Rxc8 Rxc8 24. axb4 Rxc2+ 25. Ke3 b2 26. Rd1 g6 27. Nd2 Rc1 28. Bf3 Bb3 29. Nxb3 Rxd1 30.
Be4 b1=Q 31. Bxb1 Rxb1 32. Nc5 Rxb4 33. g4 Rxg4 34. h5 Kg7 35. Nd7 Rh4 36. Ne5 Rxh5 37. Nc6 a5 38. Na7 a4 39. Nc6 a3 40. Nb4 Rb5 41.
Na2 Rb2 42. Nc3 a2 43. Nxa2 Rxa2 44. Kf4 Ra5 0-1

[Event "*** Titled Tuesday Blitz"]
[Site "Chess.com"]
[Date "2020.05.19"]
[Round "2"]
[White "northridgehawk"]
[Black "Baby_Shak"]
[Result "1-0"]
[WhiteElo "2259"]
[BlackElo "2589"]
[TimeControl "180+1"]
[EndTime "12:18:45 PDT"]
[Termination "northridgehawk won by resignation"]

1. e4 e5 2. Nf3 Nc6 3. Bb5 a6 4. Ba4 d6 5. d3 g6 6. c3 Bg7 7.
O-O Nf6 8. Re1 O-O 9. Nbd2 Bd7 10. Nf1 Nh5 11. Bg5 f6 12. Be3 Qe8 13. Qb3+ Kh8 14.
Qxb7 f5 15. exf5 gxf5 16. Qxc7 f4 17. Bd2 Rf6 18. d4 Rc8 19. Qb6 Nxd4 20. cxd4 Bxa4 21. dxe5 dxe5 22. Qa5 Re6 23. Bc3 Rxc3 24. bxc3 Bc6 25. N1d2 e4 26. Nd4 Bxd4 27. cxd4 e3 28. fxe3 fxe3 29.
Nf3 Bxf3 30. gxf3 Nf4 31. Kh1 Nd3 32. Qc3 Nf2+ 33. Kg2 Rg6+ 34. Kf1 Qb5+ 35. Re2 Nh3 36. d5+ Kg8 37. Qc8+ Kg7 38. Qxh3 Qd3 39. Qd7+ Kh6 40. Qh3+ Kg7 41. Re1 h5 42. Qd7+ Kh6 43. Qe8 h4 44. Qxe3+ 1-0

[Event "*** Titled Tuesday Blitz"]
[Site "Chess.com"]
[Date "2020.05.19"]
[Round "2"]
[White "Gerasimenyuk_Miha"]
[Black "EugeneRougon"]
[Result "1-0"]
[WhiteElo "2357"]
[BlackElo "2752"]
[TimeControl "180+1"]
[EndTime "12:18:45 PDT"]
[Termination "Gerasimenyuk_Miha won by resignation"]

1. d4 d6 2. Nf3 g6 3. Bg5 Bg7 4. e3 Nf6 5. c3 O-O 6. Bd3 b6 7.
Nbd2 Bb7 8. h4 Nbd7 9. h5 Nxh5 10. Rxh5 gxh5 11. Nh4 Qe8 12. Nf5 f6 13. Bh6 Bxh6 14.
Nxh6+ Kg7 15. Nf5+ Kh8 16. Qc2 e6 17. Ng3 f5 18. O-O-O h4 19. Ne2 Bxg2 20. f3 Qe7 21. Nf4 h3 22. Nxg2 h2 23. f4 Qg7 24.
Nf3 Qg3 25. Ng5 Rae8 26. Qe2 Nf6 27. Rh1 Ng4 28. Qf3 Qxf3 29. Nxf3 Nf2 30. Rxh2 Nxd3+ 31. Kd2 Nxb2 32. Ng5 Re7 33. Nh4 Rf6 34. e4 fxe4 35. Nxe4 Rxf4 36. Ng6+ Kg7 37. Nxf4 Nc4+ 38. Kd3 b5 39. Ng5 e5 40. Rxh7+ Kf6 41. Nd5+ Kxg5 42. Rxe7 c6 43. Ne3 Nb2+ 44. Kc2 exd4 45. Kxb2 dxe3 46. Rxe3 Kf5 47. Kb3 a5 48. Re1 c5 49. c4 a4+ 50.
Kc3 bxc4 51. Kxc4 1-0

[Event "*** Titled Tuesday Blitz"]
[Site "Chess.com"]
[Date "2020.05.19"]
[Round "2"]
[White "Char_dasha"]
[Black "Leonid_Starozhilov"]
[Result "0-1"]
[WhiteElo "2322"]
[BlackElo "2659"]
[TimeControl "180+1"]
[EndTime "12:18:46 PDT"]
[Termination "Leonid_Starozhilov won on time"]

1. c4 Nf6 2. Nc3 g6 3. g3 Bg7 4.
Bg2 O-O 5. Nf3 d6 6. O-O c6 7. d4 Bf5 8. b3 Ne4 9. Bb2 Nxc3 10. Bxc3 Be4 11. Qd2 Nd7 12. Rfd1 d5 13. a4 e6 14. a5 a6 15. Bb4 Re8 16. Rac1 Rc8 17. c5 Bxf3 18.
exf3 e5 19. dxe5 Nxe5 20. f4 Nd7 21. Bc3 Qc7 22. Bxg7 Kxg7 23. Qd4+ Kg8 24. b4 Re7 25. h4 h5 26. f5 Qe5 27. fxg6 fxg6 28. Qd3 Qf6 29.
Qd2 Rce8 30. Re1 Ne5 31. Kh1 Nc4 32. Rxe7 Rxe7 33. Qh6 Rh7 34. Qg5 Qxg5 35. hxg5 Re7 36. Bh3 Kf7 37. Kg2 Nd2 38. Rd1 Ne4 39. f4 Nc3 40. Rd2 Nb5 41. f5 gxf5 42. Bxf5 Kg7 43.
Rf2 Nd4 44. Bc8 Ne6 45. Bd7 Rxd7 0-1

[Event "*** Titled Tuesday Blitz"]
[Site "Chess.com"]
[Date "2020.05.19"]
[Round "2"]
[White "besarquis"]
[Black "rdclayton"]
[Result "1-0"]
[WhiteElo "2201"]
[BlackElo "2387"]
[TimeControl "180+1"]
[EndTime "12:18:46 PDT"]
[Termination "besarquis won on time"]

1. e4 e5 2. Nf3 Nc6 3. Bc4 Nf6 4. d3 Bc5 5. c3 a6 6. Nbd2 O-O 7. O-O d6 8. Bb3 Ne7 9. h3 Ng6 10. Re1 Ba7 11.
Nf1 h6 12. Ng3 c6 13. d4 exd4 14. cxd4 Re8 15. Qd3 d5 16. e5 Ne4 17. Nxe4 Bf5 18. Bd2 dxe4 19. Qc2 Nh4 20. Nxh4 Qxh4 21. Be3 Rad8 22.
Rad1 Rd7 23. f3 Red8 24. e6 Bxe6 25. Bf2 Qf6 26. Bxe6 fxe6 27. Qxe4 Kf7 28. Bh4 g5 29. Bg3 Qf5 30. Qe2 Bxd4+ 31. Kh2 e5 32. h4 Kg6 33.
hxg5 hxg5 34. Bf2 Rh7+ 35. Kg1 Rdh8 36. Bxd4 exd4 37. Rxd4 Rh1+ 38. Kf2 Qf6 39. Qe4+ 1-0

[Event "*** Titled Tuesday Blitz"]
[Site "Chess.com"]
[Date "2020.05.19"]
[Round "2"]
[White "BocharovD"]
[Black "GMBenjaminFinegold"]
[Result "1-0"]
[WhiteElo "2838"]
[BlackElo "2531"]
[TimeControl "180+1"]
[EndTime "12:18:47 PDT"]
[Termination "BocharovD won by resignation"]

1. c4 b6 2. d4 Bb7 3. Nc3 e6 4. a3 f5 5. Nf3 Nf6 6. d5 Bc5 7. g3 O-O 8. Bg2 a5 9. O-O Na6 10.
Nd4 Qe8 11. b3 Bd6 12. dxe6 Bxg2 13. exd7 Qxd7 14. Kxg2 Nc5 15. Bb2 Rad8 16. e3 Be5 17. Qc2 Nfe4 18. Rad1 Nxc3 19. Bxc3 Ne4 20. Nf3 Bd6 21. Be5 Qe7 22. Bxd6 Rxd6 23. Rxd6 Qxd6 24. Qb2 Rd8 25. b4 axb4 26. axb4 h6 27. Ra1 Kh7 28.
Qd4 Qe7 29. Qb2 Rd3 30. Ra2 Ng5 31. Qe5 Qxe5 32. Nxe5 Rb3 33. b5 Ne4 34. h4 Rc3 35. h5 g5 36. hxg6+ Kg7 37. Ra7 Kf6 38. g7 Kxg7 39.
Rxc7+ Kf6 40. Nd7+ Ke6 41. Nxb6 Rc2 42. Rc6+ Kf7 43.
Nd5 Rxf2+ 44. Kg1 Rc2 45. Rxh6 Nxg3 46. b6 Rb2 47. b7 f4 48. Rb6 Ne2+ 49. Kf1 Ng3+ 50.
Ke1 Re2+ 51. Kd1 f3 52. b8=Q f2 53. Qf4+ 1-0

[Event "*** Titled Tuesday Blitz"]
[Site "Chess.com"]
[Date "2020.05.19"]
[Round "2"]
[White "Goryachkina"]
[Black "FMVolodymyrSakun"]
[Result "0-1"]
[WhiteElo "2434"]
[BlackElo "2475"]
[TimeControl "180+1"]
[EndTime "12:18:47 PDT"]
[Termination "FMVolodymyrSakun won on time"]

1. e4 c5 2. Nf3 g6 3. c3 Bg7 4. d4 cxd4 5. cxd4 d5 6. e5 Nc6 7. Bb5 Nh6 8. h3 O-O 9. O-O Bd7 10. Nc3 Na5 11. Bxd7 Qxd7 12. Bf4 Rac8 13. Qc1 Nf5 14. g4 f6 15. exf6 Bxf6 16. gxf5 Qxf5 17.
Kg2 Bg7 18. Re1 Qxf4 19. Qxf4 Rxf4 20. Rxe7 Rcf8 21. Re3 Nc4 22. Rd3 Nxb2 23. Re3 Nc4 24. Rd3 R4f5 25. Rf1 Re8 26. Nd2 Rc8 27. Nb3 Nb2 28.
Rg3 Bf8 29. Ne2 Rc2 30. Nec1 Nc4 31. Rf3 Rxf3 32. Kxf3 Nd2+ 33. Nxd2 Rxd2 34. Re1 Rxd4 35. Nb3 Rb4 36. Re8 Kf7 37. Rd8 Rb5 38. Nd4 Rb6 39.
Rd7+ Ke8 40. Rxh7 Bc5 41. Ne2 Rf6+ 0-1

[Event "*** Titled Tuesday Blitz"]
[Site "Chess.com"]
[Date "2020.05.19"]
[Round "2"]
[White "Novoselski"]
[Black "Megagigahiper3345"]
[Result "0-1"]
[WhiteElo "2327"]
[BlackElo "2631"]
[TimeControl "180+1"]
[EndTime "12:18:48 PDT"]
[Termination "Megagigahiper3345 won by resignation"]

1. d4 f5 2. c4 Nf6 3. g3 e6 4. Bg2 Be7 5. Nf3 O-O 6. O-O d6 7. Nc3 a5 8. Qc2 Nc6 9. Rd1 Qe8 10. e4 Nb4 11. Qe2 Nxe4 12. Nxe4 fxe4 13. Qxe4 e5 14. a3 Nc6 15. dxe5 Bf5 16. Qd5+ Kh8 17. Ng5 dxe5 18. Ne6 Bxe6 19. Qxe6 Rxf2 20. Be3 Rxb2 21. Rd7 Bf6 22. Qxe8+ Rxe8 23. Rxc7 Nd4 24. Bxb7 Bd8 25. Rf7 Bb6 26. Kh1 Bc5 27. Bd5 h6 28. a4 Rf8 29.
Rxf8+ Bxf8 30. Rf1 Bc5 31. Rf7 Rb1+ 32. Kg2 Rb2+ 33.
Kh3 Bb4 34. Be4 Kg8 35. Rd7 Kf8 36. Bg6 Be7 37. c5 Bxc5 38. Rf7+ Kg8 39. Rc7 Bf8 40. Bc1 Rb6 41. Ba3 Rxg6 42. Rc8 Rf6 43. Ra8 Ne6 44. Be7 Rf7 45. Bd6 Kh7 46. Bxf8 Nxf8 47. Rxa5 Ng6 48. Rb5 Rf2 49. Rb4 Ra2 50. g4 Ne7 51. Kg3 Nd5 52. Re4 Ra3+ 53. Kf2 Nf4 54. Rxe5 Nd3+ 0-1

[Event "*** Titled Tuesday Blitz"]
[Site "Chess.com"]
[Date "2020.05.19"]
[Round "2"]
[White "PowerThinking2650"]
[Black "Titus369"]
[Result "0-1"]
[WhiteElo "2282"]
[BlackElo "2503"]
[TimeControl "180+1"]
[EndTime "12:18:48 PDT"]
[Termination "Titus369 won on time"]

1. e4 c5 2. Nf3 d6 3. d4 cxd4 4. Nxd4 Nf6 5. Nc3 a6 6. Be3 Ng4 7. Bc1 Nf6 8. f3 e6 9. Be3 Nbd7 10. Qd2 b5 11. g4 h6 12. O-O-O b4 13. Nce2 Qc7 14.
h4 d5 15. Bh3 dxe4 16. g5 Nd5 17. Bxe6 N7b6 18. Bxd5 Nxd5 19. Nf4 Nxe3 20. Qxe3 Bb7 21. g6 O-O-O 22. gxf7 Qxf7 23. Nde6 Bd6 24. fxe4 Rhe8 25.
e5 Rxe6 26. Nxe6 Qxe6 27. Rhe1 Bc7 28. Rxd8+ Bxd8 29. Qc5+ Kb8 30. Qxb4 Be7 31. Qd4 g5 32. hxg5 hxg5 33. Kb1 Kc7 34. b3 Bc6 35. c4 Bb7 36. Kb2 Bb4 37. Rd1 Be7 38. a3 g4 39. b4 Bf3 40. c5 Bxd1 0-1

[Event "*** Titled Tuesday Blitz"]
[Site "Chess.com"]
[Date "2020.05.19"]
[Round "2"]
[White "SaraciNderim"]
[Black "ENEASZ"]
[Result "1-0"]
[WhiteElo "2847"]
[BlackElo "2530"]
[TimeControl "180+1"]
[EndTime "12:18:49 PDT"]
[Termination "SaraciNderim won by resignation"]

1. d4 d5 2. Bf4 Nf6 3. e3 c5 4. c3 Nc6 5. Nf3 Qb6 6. Qc1 Bf5 7.
Nbd2 e6 8. Be2 h6 9. O-O Be7 10. dxc5 Qxc5 11. b4 Qb6 12. a3 Rc8 13. c4 O-O 14. c5 Qd8 15. Qb2 Nh5 16. Rac1 Nxf4 17. exf4 Bf6 18. Qb3 Qc7 19. g3 Rfd8 20. Bd3 Bg4 21.
Rfe1 Nd4 22. Nxd4 Bxd4 23. Kg2 g6 24. h3 Bf5 25. Nf3 Bxd3 26. Qxd3 Bf6 27. h4 h5 28. Rc2 Kg7 29. Rec1 d4 30. Qe4 Rd5 31. Rd1 Qd7 32. Qd3 Qa4 33. Rdc1 a6 34. Rc4 Rc7 35. Nd2 Qb5 36.
Ne4 Be7 37. Qb3 d3 38. f3 Qe8 39. Rd1 Qd8 40. Qc3+ Kh7 41. Qd2 Rcd7 42. Rc3 Bf6 43. Rb3 Be7 44. Nf2 a5 45. Rxd3 Rxd3 46. Nxd3 axb4 47.
axb4 Rd4 48. Qe2 Qd5 49. Nf2 Rxd1 50. Qxd1 Qc4 51. Qd7 1-0

[Event "*** Titled Tuesday Blitz"]
[Site "Chess.com"]
[Date "2020.05.19"]
[Round "2"]
[White "Roman_Ovetchkin"]
[Black "Perecke"]
[Result "1-0"]
[WhiteElo "2609"]
[BlackElo "2272"]
[TimeControl "180+1"]
[EndTime "12:18:49 PDT"]
[Termination "Roman_Ovetchkin won on time"]

1. e4 c5 2. Nf3 e6 3. d4 cxd4 4.
Nxd4 Nc6 5. Nc3 Qc7 6. Be2 a6 7. O-O Nf6 8. Be3 Be7 9. f4 O-O 10. e5 Ne8 11. Bf3 b5 12. a4 b4 13. Nxc6 dxc6 14.
Ne4 Bb7 15. Bc5 Bxc5+ 16. Nxc5 Qb6 17. Qd4 Rd8 18. a5 Qc7 19. Qxb4 Bc8 20. Rad1 Rxd1 21. Rxd1 g6 22. Qb6 Qe7 23. Qxc6 Ng7 24. Qd6 Qa7 25. g4 h5 26. h3 hxg4 27. hxg4 g5 28. Kg2 gxf4 29. Ne4 Ne8 30. Qc5 Qb8 31. b4 Bb7 32.
Nf6+ Nxf6 33. exf6 Bxf3+ 34. Kxf3 e5 35. Qd6 Qb7+ 36. Kf2 Rb8 37. Qxe5 Qxb4 38. Qg5+ Kf8 39. Qg7+ Ke8 40. Qg8+ 1-0

[Event "*** Titled Tuesday Blitz"]
[Site "Chess.com"]
[Date "2020.05.19"]
[Round "2"]
[White "AnishGiri"]
[Black "Chessmasterzt"]
[Result "1/2-1/2"]
[WhiteElo "3002"]
[BlackElo "2582"]
[TimeControl "180+1"]
[EndTime "12:18:50 PDT"]
[Termination "Game drawn by repetition"]

1. e4 d5 2. exd5 Nf6 3. Nf3 Bg4 4. h3 Bxf3 5. Qxf3 Qxd5 6. Qxd5 Nxd5 7. d4 Nc6 8. c3 e5 9. dxe5 Nxe5 10. Be2 O-O-O 11. O-O Bc5 12. Rd1 Rhe8 13. Kf1 Nf6 14. Rxd8+ Rxd8 15. Bg5 Rd6 16. Nd2 h6 17. Bxf6 Rxf6 18. Ne4 Rc6 19. Rd1 f5 20. Nxc5 Rxc5 21. f4 Nc4 22.
Bxc4 Rxc4 23. g3 Re4 24. Kf2 Re7 25. Rd5 g6 26. Ra5 a6 27. g4 Rf7 28. Kf3 Kd7 29. Re5 Kd6 30. c4 c6 31. c5+ Kd7 32. b4 Rf8 33. Kg3 Rf7 34. a3 fxg4 35. hxg4 Re7 36. Rxe7+ Kxe7 37. Kf3 Ke6 38. Ke3 Kd5 39. Kd3 h5 40. f5 hxg4 41. fxg6 Ke6 42. Ke4 Kf6 43. Kf4 Kxg6 44. Kxg4 Kf6 45. Kf4 Ke6 46. Ke4 Kf6 47. Kd4 Ke6 48. Kc4 Ke5 49. Kb3 Ke6 50. Ka4 Kd7 51.
Ka5 Kc7 52. a4 Kc8 53. Kb6 Kb8 54. a5 Kc8 55. Ka7 Kc7 56. Ka8 Kc8 57. Ka7 Kc7 58. Ka8 Kc8 59. Ka7 1/2-1/2

[Event "*** Titled Tuesday Blitz"]
[Site "Chess.com"]
[Date "2020.05.19"]
[Round "2"]
[White "djamir"]
[Black "chessplayer9919"]
[Result "1-0"]
[WhiteElo "2745"]
[BlackElo "2494"]
[TimeControl "180+1"]
[EndTime "12:18:50 PDT"]
[Termination "djamir won on time"]

1. c4 e5 2. Nc3 Nf6 3. Nf3 Nc6 4. d4 e4 5. Ng5 Bb4 6. e3 h6 7. Nh3 d5 8. Nf4 dxc4 9. Bxc4 O-O 10. O-O Bd6 11. g3 Bxf4 12. gxf4 Bh3 13. Be2 Qd7 14.
Re1 Ne7 15. f3 exf3 16. Bxf3 Nf5 17. Bd2 Rfe8 18. Qa4 c6 19. Qd1 Nh4 20. Qe2 Qf5 21. e4 Qg6+ 22. Kh1 Nxf3 23. Qxf3 Bg4 24. Qg2 Rad8 25. h3 Qh5 26. Kh2 Rxd4 27. Be3 Rd3 28. e5 Nd5 29. Nxd5 cxd5 30. Qxg4 Qxg4 31. hxg4 d4 32. Bg1 Rd2+ 33. Kg3 d3 34. Rad1 Rxb2 35.
Bxa7 Rxa2 36. Be3 Rd8 37. Rd2 Ra4 38. Rb1 Rd7 39. Kf3 g6 40. Rb6 Kg7 41. f5 h5 42.
f6+ 1-0

[Event "*** Titled Tuesday Blitz"]
[Site "Chess.com"]
[Date "2020.05.19"]
[Round "2"]
[White "dbrankovic68"]
[Black "CHESSMASTER759"]
[Result "0-1"]
[WhiteElo "2350"]
[BlackElo "2651"]
[TimeControl "180+1"]
[EndTime "12:18:50 PDT"]
[Termination "CHESSMASTER759 won by resignation"]

1. e4 b6 2. d4 Bb7 3. Nc3 g6 4. Nf3 Bg7 5. Bd3 d6 6. h3 e6 7. Bg5 Ne7 8. Qd2 h6 9. Bf4 g5 10. Be3 Nd7 11. Ng1 Nf8 12. Nge2 Qd7 13. f4 f6 14. a4 a6 15. a5 b5 16. Ng3 O-O-O 17. Nh5 Rg8 18. Nxg7 Rxg7 19. O-O-O d5 20. e5 fxe5 21.
fxe5 Nfg6 22. Rhf1 c5 23. dxc5 Nxe5 24. Bd4 N7c6 25.
Ne2 Nxd3+ 26. cxd3 e5 27. Bg1 d4 28. Ng3 Qd5 29. Ne4 Qa2 30. Bh2 Nxa5 31. Qb4 Bxe4 32. dxe4 Rc7 33. Kc2 Kb7 34. Ra1 d3+ 35. Kc3 Qc4+ 36.
Qxc4 Nxc4 37. b4 a5 38. bxa5 Rxc5 39. a6+ Ka8 40. Kb4 Rcc8 41. Rfd1 d2 42. Ra2 Rd4 43.
Bg1 Ne3+ 44. Kxb5 Nxd1 45. Bxd4 Nc3+ 46. Bxc3 d1=Q 0-1

[Event "*** Titled Tuesday Blitz"]
[Site "Chess.com"]
[Date "2020.05.19"]
[Round "2"]
[White "Kaua18"]
[Black "DanielDardha2005"]
[Result "0-1"]
[WhiteElo "2325"]
[BlackElo "2652"]
[TimeControl "180+1"]
[EndTime "12:18:50 PDT"]
[Termination "DanielDardha2005 won by resignation"]

1. e4 c5 2. Nf3 Nc6 3. d4 cxd4 4.
Nxd4 e5 5. Nb5 Nf6 6. Nd6+ Bxd6 7. Qxd6 Nxe4 8. Qd3 d5 9. Nc3 Nxc3 10. bxc3 O-O 11. Qg3 Bf5 12. Bd3 Bxd3 13. cxd3 e4 14. dxe4 dxe4 15. O-O Qf6 16. Re1 Rfe8 17. Rb1 b6 18.
Bf4 h6 19. h4 Rac8 20. Rbd1 Kh7 21. Rd6 Re6 22. Rd7 Qf5 23. Red1 Rg6 24. Qh2 Re8 25. R1d5 Qg4 26. Rxf7 Qe2 27. Qh3 Re7 28. Rf8 Ree6 29. Rd7 Ref6 30. Rxf6 Rxf6 31. Be3 Qe1+ 32. Kh2 Qxc3 33.
Qg3 Rg6 34. Qf4 Ne5 35. Re7 Ng4+ 36. Kh3 Nxe3 37. fxe3 Qe1 38. Rxe4 Qh1+ 39. Qh2 Qf1 40. Rf4 Qd3 41. Rf3 Qd7+ 0-1

[Event "*** Titled Tuesday Blitz"]
[Site "Chess.com"]
[Date "2020.05.19"]
[Round "2"]
[White "katchesskat"]
[Black "XiaoKangZhong"]
[Result "1-0"]
[WhiteElo "2233"]
[BlackElo "2428"]
[TimeControl "180+1"]
[EndTime "12:18:50 PDT"]
[Termination "katchesskat won by checkmate"]

1. c4 Nf6 2. e3 g6 3. a3 Bg7 4. Qc2 c5 5. Nf3 O-O 6. Be2 Nc6 7. O-O b6 8. d3 Bb7 9. Nbd2 d5 10. cxd5 Qxd5 11. b3 Rfd8 12. Bb2 Ng4 13. Bxg7 Kxg7 14. Qb2+ Kg8 15. h3 Nge5 16. Ne1 f5 17. f4 Nf7 18. Nef3 e5 19. d4 exd4 20. Bc4 Qd6 21. Ng5 Rd7 22. Ndf3 dxe3 23. Nxf7 Rxf7 24. Ng5 Nd8 25.
Rad1 Qe7 26. Rxd8+ Rxd8 27. Bxf7+ Qxf7 28. Nxf7 Kxf7 29. Qe5 Re8 30. Qc3 Re7 31. Re1 e2 32. Qc4+ Kf8 33.
Rxe2 Bd5 34. Qxd5 Rxe2 35. Qd6+ Re7 36. g4 fxg4 37. hxg4 Kf7 38. f5 gxf5 39. gxf5 Re8 40. Kf2 Re7 41. Kf3 Re1 42. Qd7+ Kf6 43. Qxh7 Rf1+ 44.
Ke4 Re1+ 45. Kd3 Rd1+ 46. Kc2 Rg1 47. Qxa7 Kxf5 48. Qxb6 Rg2+ 49. Kc3 Rg3+ 50. Kc4 Rg4+ 51. Kxc5 Rg3 52. a4 Rc3+ 53. Kb4 Rf3 54. Qc5+ Kg4 55. a5 Rf4+ 56. Qc4 Rxc4+ 57. Kxc4 Kf5 58. a6 Ke6 59. a7 Kd6 60. a8=Q Ke6 61. Qd5+ Kf6 62.
b4 Ke7 63. b5 Ke8 64. Qb7 Kf8 65. Qd7 Kg8 66. b6 Kh8 67. b7 Kg8 68. b8=Q# 1-0

[Event "*** Titled Tuesday Blitz"]
[Site "Chess.com"]
[Date "2020.05.19"]
[Round "2"]
[White "Mitronych"]
[Black "marszach123"]
[Result "1-0"]
[WhiteElo "2421"]
[BlackElo "2178"]
[TimeControl "180+1"]
[EndTime "12:18:50 PDT"]
[Termination "Mitronych won on time"]

1. e4 c5 2. Nc3 Nc6 3. Nf3 e5 4.
Bc4 d6 5. d3 Be7 6. Nd5 Nf6 7.
c3 O-O 8. Nxe7+ Qxe7 9. Bg5 Be6 10. Bb3 b5 11. O-O h6 12. Bh4 g5 13. Nxg5 hxg5 14.
Bxg5 Bxb3 15. Qf3 Kg7 16. axb3 Qe6 17. h3 Rg8 18. Ra6 Nb8 19. Ra5 a6 20. Qg3 Kf8 21.
f4 exf4 22. Bxf4 Rxg3 23. Bxg3 Nc6 24. Raa1 Ne5 25. Rf5 Nxd3 26. Raf1 Nxe4 27. Bh4 Ne5 28. Rxe5 Qxe5 29. Re1 d5 30. Bf2 Qd6 31. Be3 Ke7 32. Rf1 Rg8 33. Bf4 Qg6 34. g4 f5 35. Kg2 fxg4 36.
h4 Qh5 37. c4 Qxh4 38. cxd5 Qh2+ 39. Bxh2 g3 40. Bg1 Kd6 41. Re1 Kxd5 42. b4 cxb4 43.
Rd1+ Ke5 44. Rc1 Nd6 45. Re1+ Kd5 46. Rd1+ Kc6 47. Rc1+ Nc4 48. Rd1 Kc7 49. b3 Kb7 50.
Rc1 Nd6 51. Rd1 Nf5 52. Rd7+ Kc6 53. Rh7 Nh4+ 54. Rxh4 Rd8 55. Rxb4 Rd3 56. Rg4 a5 57. Rg6+ Kd5 58. Rg5+ Kc6 59. Rc5+ Kb7 60. Rxb5+ Ka6 61. Rb6+ 1-0

[Event "*** Titled Tuesday Blitz"]
[Site "Chess.com"]
[Date "2020.05.19"]
[Round "2"]
[White "emiliocordova"]
[Black "DenishevM"]
[Result "0-1"]
[WhiteElo "2802"]
[BlackElo "2534"]
[TimeControl "180+1"]
[EndTime "12:18:51 PDT"]
[Termination "DenishevM won on time"]

1. d4 Nf6 2. Nf3 e6 3. c4 b6 4. g3 Bb7 5. Bg2 Bb4+ 6. Nc3 O-O 7. O-O Bxc3 8. bxc3 d6 9. a4 Nc6 10. Nd2 Na5 11. e4 e5 12. Re1 Re8 13. f3 Ba6 14. Bf1 Qd7 15. Ba3 Rad8 16. Bb4 Nc6 17. d5 Ne7 18. a5 b5 19. c5 dxc5 20. Bxc5 Nc8 21. Be3 c6 22. dxc6 Qxc6 23. Qb3 Nd6 24. Bxa7 b4 25. cxb4 Bxf1 26. Nxf1 Nb5 27. Bb6 Rd7 28.
Rac1 Qb7 29. Red1 h5 30. Ne3 Rc8 31. Rxc8+ Qxc8 32. Bc5 Nd4 33. Bxd4 exd4 34. Nf5 Rc7 35. Nxd4 Rc3 36. Qb2 h4 37. Qd2 hxg3 0-1

[Event "*** Titled Tuesday Blitz"]
[Site "Chess.com"]
[Date "2020.05.19"]
[Round "2"]
[White "Norival"]
[Black "Angel_Hranitel_37"]
[Result "1-0"]
[WhiteElo "2647"]
[BlackElo "2370"]
[TimeControl "180+1"]
[EndTime "12:18:51 PDT"]
[Termination "Norival won by checkmate"]

1. d4 d5 2. c4 e6 3. Nf3 Be7 4. Bf4 c6 5. e3 Nf6 6. Nc3 Bb4 7. Qb3 Qa5 8. a3 Bxc3+ 9. bxc3 Ne4 10. Qb4 Qd8 11.
Be2 Na6 12. Qb2 Qa5 13. Rc1 O-O 14. O-O g5 15. Nxg5 Nxg5 16. Bxg5 dxc4 17. Bh6 Re8 18. Bxc4 Nc7 19. e4 Qh5 20. Bf4 Nb5 21. a4 e5 22.
Bxe5 Rxe5 23. dxe5 Nc7 24. f4 Kh8 25. Rcd1 b6 26. Rd8+ Kg7 27. f5 Bb7 28. Rd7 Rc8 29.
Rxf7+ Kh8 30. e6 b5 31. Be2 Qg5 32. Qc1 Qg8 33. Qf4 Ne8 34. Qe5+ Ng7 35. Rxb7 Re8 36. axb5 cxb5 37. Bxb5 a6 38. Bxe8 a5 39. Bf7 Qf8 40. f6 Nxe6 41. Bxe6 h5 42. f7+ Kh7 43. Qxh5+ Kg7 44.
Qg5+ Kh8 45. Qf6+ Kh7 46. Bf5# 1-0